 Dungeon Crawl Stone Soup version 0.19-a0-1626-g5215c36 (webtiles) character file.

69 TheGoonsmith the Magician (level 4, -1/30 HPs)
             Began as a Demonspawn Wizard on Sept 18, 2016.
             Slain by a leopard gecko (2 damage)
             ... on level 3 of the Dungeon.
             The game lasted 00:02:03 (1526 turns).

TheGoonsmith the Magician (Demonspawn Wizard)       Turns: 1526, Time: 00:02:04

Health: -1/30      AC:  3    Str:  5 (7)  XL:     4   Next: 2%
Magic:  0/9        EV: 12    Int: 18 (20) God:
Gold:   88         SH:  0    Dex: 11 (12) Spells: 4 memorised, 1 level left

rFire  . . .     SeeInvis .     e - +2 whip (elec)
rCold  . . .     Gourm    .     a - +0 robe
rNeg   . . .     Faith    .     (no shield)
rPois  .         Spirit   .     b - +0 hat
rElec  .         Dismiss  .     (no cloak)
rCorr  .         Reflect  .     o - +0 pair of gloves
MR     .....     Harm     .     (no boots)
Stlth  ++........               (no amulet)
                                (no ring)
                                (no ring)

@: lethally poisoned (-1 -> -2), repel missiles
A: rot immunity
a: no special abilities


You were on level 3 of the Dungeon.
You were not hungry.

You visited 1 branch of the dungeon, and saw 3 of its levels.

You collected 88 gold pieces.

Inventory:

Hand Weapons
 e - a +2 whip of electrocution (weapon)
Missiles
 h - 2 throwing nets (quivered)
Armour
 a - a +0 robe (worn)
 b - a +0 hat (worn)
 o - a +0 pair of gloves (worn)
Scrolls
 j - 2 scrolls of identify {unknown}
 k - a scroll of blinking {unknown}
 m - a scroll of recharging {unknown}
Books
 c - a book of Minor Magic

   Spells                             Type                      Level
   a - Magic Dart                     Conjuration                  1
   b - Blink                          Translocation                2
   c - Call Imp                       Summoning                    2
   d - Repel Missiles                 Charms/Air                   2
   e - Slow                           Hexes                        2
   f - Conjure Flame                  Conjuration/Fire             3
   g - Mephitic Cloud                 Conjuration/Poison/Air       3
Comestibles
 d - 2 bread rations
 g - 2 meat rations
 i - 4 chunks of flesh
 l - 5 fruits
 n - a slice of pizza


   Skills:
 - Level 1.7 Dodging
 - Level 1.7 Stealth
 + Level 3.6 Spellcasting
 * Level 3.1 Conjurations
   Level 1.0 Summonings
   Level 0.8 Translocations


You had one spell level left.
You knew the following spells:

 Your Spells              Type           Power        Failure   Level  Hunger
a - Magic Dart            Conj           ##..         4%          1    None
c - Conjure Flame         Conj/Fire      #.......     30%         3    ###....
r - Repel Missiles        Chrm/Air       #.....       28%         2    ##.....
x - Mephitic Cloud        Conj/Pois/Air  #.......     34%         3    ###....


Dungeon Overview and Level Annotations

Branches:
Dungeon (2/15)

Altars:


Innate Abilities, Weirdness & Mutations

You are immune to rotting.


Message History

You hit the leopard gecko.
The leopard gecko is almost dead.
The bat barely misses you. The leopard gecko barely misses you.
The goblin closely misses you.
Unknown command.
You hit the goblin.
The goblin is severely wounded.
The bat hits you but does no damage. The leopard gecko bites you.
* * * LOW HITPOINT WARNING * * *
The leopard gecko closely misses you. The goblin hits you but does no damage.
Unknown command.
The bat closely misses you.
Things that are here:
a club; a hobgoblin corpse You closely miss the leopard gecko.
The leopard gecko is almost dead.
* * * LOW HITPOINT WARNING * * *
You feel sick. The bat barely misses you. The bat hits you but does no damage.
The leopard gecko bites you.
You die...

##### ##...##
##blg..♣
#.@♣...≈≈..
#..P♣.≈≈♣≈≈.
#.P..♣≈≈≈≈ ≈
#..P.w≈≈≈≈♣≈♣
#.....≈≈♣≈...
#.P....♣.....
#...%...♣..P.
#..........


You could see a worm (sleeping), a leopard gecko, a goblin and a bat.

Vanquished Creatures
  Ijyb (D:2)
  An adder (D:3)
  A worm (D:2)
  A leopard gecko (D:2)
  A giant cockroach (D:1)
  6 goblins
  7 hobgoblins
  3 kobolds (D:1)
  3 bats
  2 frilled lizards
  4 rats
30 creatures vanquished.

Notes
Turn   | Place    | Note
-------+----------+-------------------------------------------
     0 | D:1      | TheGoonsmith the Demonspawn Wizard began the quest for the Orb.
     0 | D:1      | Reached XP level 1. HP: 13/13 MP: 4/4
   578 | D:1      | Gained mutation: You are immune to rotting. [demonic ancestry]
   578 | D:1      | Reached XP level 2. HP: 19/19 MP: 3/6
  1067 | D:2      | Noticed Ijyb
  1075 | D:2      | Killed Ijyb
  1075 | D:2      | Reached XP level 3. HP: 14/24 MP: 0/8
  1377 | D:2      | Learned a level 3 spell: Conjure Flame
  1381 | D:2      | Learned a level 3 spell: Mephitic Cloud
  1384 | D:2      | Learned a level 2 spell: Repel Missiles
  1507 | D:2      | You fall through a shaft!
  1522 | D:3      | Reached XP level 4. HP: 3/30 MP: 0/9
  1524 | D:3      | HP: 1/30 [leopard gecko (1)]
  1526 | D:3      | Slain by a leopard gecko

Vault maps used:
D:1:      dpeg_arrival_connections, serial_bayou_pond_b
D:2:      first_bread, uniq_robin, uniq_iyjb
D:3:      marbit_many_paths, zin_treasury, serial_bayou_pond_a,
          minmay_misc_feat_rows, serial_bayou_crossing

Skill      XL: |  1  2  3 |
---------------+----------+-----
Conjurations   | 2 3 |  3.1
Dodging        | |  1.7
Stealth        | |  1.7
Spellcasting   | |  3.6
Summonings     | |  1.0
Translocations | |  0.8

Action                   |  1- 3 |  4- 6 || total
-------------------------+-------+-------++-------
Melee: Whip              |     9 |     3 ||    12
 Cast: Magic Dart        |    74 |     1 ||    75
       Repel Missiles    |     1 |       ||     1
  Use: Potion            |     1 |       ||     1
 Stab: Sleeping          |     1 |       ||     1
  Eat: Chunk             |     2 |       ||     2
Armor: Robe              |     5 |     4 ||     9
Dodge: Dodged            |    24 |     8 ||    32
